 Dungeon Crawl Stone Soup version 0.21.1-1-g345015fe64 (webtiles) character file.

159 Mrkan the Skirmisher (level 5, 0/34 HPs)
             Began as a Gargoyle Fighter on May 10, 2018.
             Slain by Crazy Yiuf
             ... wielding a +2 quarterstaff of chaos
              (3 damage)
             ... on level 2 of the Dungeon.
             The game lasted 00:03:44 (2003 turns).

Mrkan the Skirmisher (Gargoyle Fighter)             Turns: 2003, Time: 00:03:45

Health: 0/34       AC: 10    Str: 26    XL:     5   Next: 40%
Magic:  2/5        EV:  7    Int:  8    God:
Gold:   146        SH:  9    Dex:  9    Spells: 4/4 levels left

rFire    . . .     SeeInvis .   a - +0 flail
rCold    . . .     Gourm    .   c - +0 shield
rNeg     + . .     Faith    .   b - +0 scale mail
rPois    ∞         Spirit   .   (no helmet)
rElec    +         Reflect  .   (no cloak)
rCorr    .         Harm     .   (no gloves)
MR       .....                  (no boots)
Stlth    ..........             (no amulet)
HPRegen  0.11/turn              (no ring)
MPRegen  0.09/turn              (no ring)

@: mighty
A: negative energy resistance 1, electricity resistance, unbreathing,
petrification resistance, rot immunity, AC +4
a: no special abilities


You were on level 2 of the Dungeon.
You were not hungry.

You visited 1 branch of the dungeon, and saw 2 of its levels.

You collected 146 gold pieces.

Inventory:

Hand Weapons
 a - a +0 flail (weapon)
Armour
 b - a +0 scale mail (worn)
 c - a +0 shield (worn)
 g - a scarf of repulsion
Jewellery
 j - an uncursed ring of protection from cold
 u - an uncursed ring of ice {unknown}
Scrolls
 e - 5 scrolls of remove curse
 h - a scroll of amnesia {unknown}
 k - 2 scrolls of identify
 m - a scroll of teleportation {unknown}
 p - a scroll of enchant weapon {unknown}
 s - a scroll of enchant armour {unknown}
Potions
 d - a potion of might
 i - a potion of haste {unknown}
 l - a potion of curing {unknown}
 o - 2 potions of heal wounds {unknown}
 q - a potion of berserk rage {unknown}
 r - a potion of brilliance {unknown}
 t - a potion of flight {unknown}
 v - a potion of mutation {unknown}
Comestibles
 f - 5 rations


   Skills:
 + Level 4.6 Fighting
 * Level 4.5 Maces & Flails
 - Level 3.2 Armour
 - Level 3.2 Shields


You had 4 spell levels left.
You didn't know any spells.

Dungeon Overview and Level Annotations

Branches:
Dungeon (2/15)

Altars:
Ru

Annotations:
D:2 Crazy Yiuf


Innate Abilities, Weirdness & Mutations

You are resistant to torment.
Your stone body is resilient. (AC +4)
You are immune to poison.
You resist negative energy. (rN+)
You are resistant to electric shocks. (rElec)
You can survive without breathing.
You are immune to petrification.
You are immune to rotting.


Message History

You block Crazy Yiuf's attack.
You hit Crazy Yiuf.
Crazy Yiuf is moderately wounded.
You block Crazy Yiuf's attack.
Your shield prevents you from hitting Crazy Yiuf.
Crazy Yiuf is moderately wounded.
Crazy Yiuf glowers.
You block Crazy Yiuf's attack.
You hit Crazy Yiuf but do no damage.
Crazy Yiuf is moderately wounded.
Crazy Yiuf yells, "Two song infinity!"
Crazy Yiuf hits you with a quarterstaff of chaos.
* * * LOW HITPOINT WARNING * * *
Space bends around you.
* * * LOW HITPOINT WARNING * * *
Drop what? 21/52 slots (_ for help) (? for menu, Esc to quit)
Okay, then.
You feel very mighty all of a sudden. Crazy Yiuf hits you but does no damage.
Space bends around you.
You die...

.....#
#.........#
####.#
#........># #.##
##.......## #..#
######### ##.#
#.# #.##### ####
#...#.## ###..)#
#......####.@g..#
##...PP.#..##...#
##.#..#.### ####
########


You could see Crazy Yiuf.

Vanquished Creatures
  An orc wizard (D:2)
  Robin (D:2)
  6 adders (D:2)
  A worm (D:2)
  A dart slug (D:1)
  2 giant cockroaches (D:2)
  17 goblins
  8 hobgoblins
  4 jackals (D:1)
  5 kobolds
  2 ball pythons
  3 bats
  6 frilled lizards
  3 rats
60 creatures vanquished.

Notes
Turn   | Place    | Note
-------+----------+-------------------------------------------
     0 | D:1      | Mrkan the Gargoyle Fighter began the quest for the Orb.
     0 | D:1      | Reached XP level 1. HP: 14/14 MP: 1/1
    79 | D:1      | Reached XP level 2. HP: 15/19 MP: 2/2
   905 | D:2      | Reached XP level 3. HP: 24/24 MP: 3/3
  1070 | D:2      | Noticed Robin
  1082 | D:2      | Reached XP level 4. HP: 29/29 MP: 4/4
  1106 | D:2      | Killed Robin
  1594 | D:2      | Reached XP level 5. HP: 31/34 MP: 5/5
  1770 | D:2      | Found a runed door.
  1859 | D:2      | Found a sacrificial altar of Ru.
  1994 | D:2      | Noticed Crazy Yiuf
  2003 | D:2      | Slain by Crazy Yiuf

Skill      XL: |  1  2  3  4 |
---------------+-------------+-----
Maces & Flails | 3 4 |  4.5
Fighting       | 4 |  4.6
Armour         | |  3.2
Shields        | |  3.2

Action                   |  1- 3 |  4- 6 || total
-------------------------+-------+-------++-------
Melee: Flail             |   106 |   139 ||   245
  Use: Scroll            |     2 |       ||     2
       Potion            |       |     1 ||     1
 Stab: Invisible         |       |     1 ||     1
  Eat: Chunk             |     1 |     3 ||     4
Armor: Scale mail        |    79 |    79 ||   158
Dodge: Dodged            |    43 |    42 ||    85
Block: Shield            |    68 |    93 ||   161
